[ PARTIDA AOE2 · #482958162 ]
Team RMBúlgaros vs Vietnamese
[ ANÁLISIS DE REPETICIÓN · EXTRAÍDO DE LA PARTIDA GRABADA ]
Feudal
11:48
Castillos
16:44
Imperial
—
| APM promedio | 31.0 |
| APM pico | 79 |
| eAPM promedio | 15.1 |
| Aldeanos / militares | 72 / 83 |
Foco
⚔️ 34.1% · 🌾 65.9%
Militia ×40 · Skirmisher ×19 · Spearman ×11 · Mangonel ×8 · Monk ×3 · Scorpion ×1
Feudal
11:17
Castillos
15:21
Imperial
32:51
| APM promedio | 30.7 |
| APM pico | 56 |
| eAPM promedio | 17.1 |
| Aldeanos / militares | 141 / 73 |
Foco
⚔️ 35.6% · 🌾 64.4%
Archer ×49 · Rattan Archer ×10 · Mangonel ×4 · Skirmisher ×4 · Monk ×3 · Trebuchet (Packed) ×2
Feudal
10:07
Castillos
13:38
Imperial
26:24
| APM promedio | 23.3 |
| APM pico | 60 |
| eAPM promedio | 14.5 |
| Aldeanos / militares | 115 / 44 |
Foco
⚔️ 24.1% · 🌾 75.9%
Archer ×28 · Spearman ×9 · Monk ×3 · Mangonel ×2 · Shotel Warrior ×1 · Trebuchet (Packed) ×1
Feudal
10:58
Castillos
18:40
Imperial
34:51
| APM promedio | 19.8 |
| APM pico | 68 |
| eAPM promedio | 13.3 |
| Aldeanos / militares | 152 / 70 |
Foco
⚔️ 25.2% · 🌾 74.8%
Knight ×53 · Hand Cannoneer ×10 · Petard ×2 · Mangonel ×2 · Trebuchet (Packed) ×2 · Coustillier ×1
Mapa de la partida
Recursos iniciales + cada clic de construcción. Líneas = muros · curvas = relieve. ◆ oro · ⬟ piedra · ● bayas · ✦ reliquia · ◌ hueco del cierre
Tu base· ✓ Cerrada en 16:44 · 0t muro · 6 puerta(s)
Base de dr morlandovich· ✓ Cerrada en 15:21 · 0t muro · 3 puerta(s)
Base de tedyoso· ✓ Cerrada en 13:38 · 0t muro · 3 puerta(s)
Base de villasmilmoises003· ✓ Cerrada en 18:40 · 0t muro · 3 puerta(s)
Terreno inicial suavizado · ◌ = hueco del cierre detectado · pasá el cursor para detalles
Inputs por minuto
— Canek - - dr morlandovich
Build order — Canek
Primeras 150 de 250 acciones detectadas
| 0:18 | Construir | House |
| 0:19 | Construir | House |
| 0:51 | Crear | Villager (Male) |
| 0:51 | Crear | Villager (Male) |
| 0:51 | Crear | Villager (Male) |
| 0:51 | Crear | Villager (Male) |
| 1:06 | Construir | House |
| 2:27 | Crear | Villager (Male) |
| 2:28 | Crear | Villager (Male) |
| 2:50 | Crear | Villager (Male) |
| 3:11 | Crear | Villager (Male) |
| 3:41 | Crear | Villager (Male) |
| 4:15 | Crear | Villager (Male) |
| 4:15 | Crear | Villager (Male) |
| 4:24 | Crear | Villager (Male) |
| 4:46 | Crear | Villager (Male) |
| 5:13 | Construir | House |
| 5:42 | Construir | Lumber Camp |
| 5:46 | Crear | Villager (Male) |
| 5:46 | Crear | Villager (Male) |
| 5:46 | Crear | Villager (Male) |
| 5:47 | Crear | Villager (Male) |
| 6:16 | Construir | Mill |
| 6:52 | Crear | Villager (Male) |
| 6:52 | Crear | Villager (Male) |
| 6:52 | Crear | Villager (Male) |
| 7:26 | Crear | Villager (Male) |
| 7:35 | Construir | Mill |
| 8:16 | Crear | Villager (Male) |
| 9:00 | Construir | House |
| 9:38 | Investigar | Feudal Age |
| 9:38 | Investigar | Loom |
| 10:36 | Construir | House |
| 11:00 | Construir | Mining Camp |
| 11:31 | Crear | Villager (Male) |
| 11:38 | Construir | House |
| 11:48 | Edad | Edad Feudal |
| 12:08 | Construir | Market |
| 12:39 | Construir | Blacksmith |
| 12:43 | Construir | Palisade Gate |
| 12:46 | Crear | Villager (Male) |
| 12:47 | Crear | Villager (Male) |
| 13:10 | Construir | Farm |
| 13:11 | Construir | Farm |
| 13:12 | Construir | Farm |
| 13:26 | Construir | House |
| 13:35 | Construir | Farm |
| 13:39 | Crear | Villager (Male) |
| 13:42 | Investigar | Castle Age |
| 14:29 | Construir | Palisade Gate |
| 14:54 | Construir | House |
| 15:03 | Construir | House |
| 15:07 | Construir | Palisade Gate |
| 15:15 | Construir | House |
| 15:25 | Construir | Farm |
| 15:27 | Construir | Farm |
| 15:53 | Construir | Barracks |
| 16:02 | Investigar | Forging |
| 16:09 | Investigar | Double-Bit Axe |
| 16:23 | Crear | Villager (Male) |
| 16:44 | Edad | Edad de los Castillos |
| 16:45 | Construir | Farm |
| 16:49 | Crear | Militia |
| 17:00 | Construir | Barracks |
| 17:14 | Crear | Militia |
| 17:15 | Crear | Villager (Male) |
| 17:19 | Construir | Farm |
| 17:37 | Construir | Farm |
| 17:38 | Crear | Villager (Male) |
| 17:41 | Crear | Militia |
| 17:49 | Construir | Farm |
| 17:53 | Construir | Farm |
| 17:56 | Crear | Militia |
| 18:08 | Crear | Militia |
| 18:30 | Construir | Siege Workshop |
| 18:39 | Crear | Villager (Male) |
| 18:44 | Construir | Farm |
| 18:59 | Investigar | Gambesons |
| 19:02 | Crear | Militia |
| 19:12 | Crear | Villager (Male) |
| 19:16 | Construir | Farm |
| 19:26 | Construir | House |
| 19:27 | Construir | House |
| 19:33 | Crear | Villager (Male) |
| 19:39 | Crear | Militia |
| 19:39 | Crear | Militia |
| 19:46 | Construir | Lumber Camp |
| 19:55 | Crear | Militia |
| 19:56 | Crear | Militia |
| 20:22 | Crear | Battering Ram |
| 20:24 | Construir | House |
| 20:26 | Crear | Villager (Male) |
| 20:34 | Construir | Farm |
| 20:43 | Crear | Militia |
| 20:44 | Crear | Militia |
| 20:46 | Crear | Villager (Male) |
| 21:04 | Crear | Unit 1105 |
| 21:08 | Construir | House |
| 21:40 | Construir | Monastery |
| 22:04 | Crear | Militia |
| 22:04 | Crear | Militia |
| 22:04 | Crear | Militia |
| 22:05 | Crear | Militia |
| 23:30 | Crear | Mangonel |
| 23:32 | Crear | Monk |
| 23:34 | Crear | Militia |
| 23:35 | Crear | Militia |
| 23:40 | Investigar | Scale Mail Armor |
| 23:42 | Investigar | Bow Saw |
| 23:44 | Crear | Villager (Male) |
| 23:45 | Crear | Villager (Male) |
| 23:59 | Construir | House |
| 25:21 | Crear | Militia |
| 25:21 | Crear | Militia |
| 25:21 | Crear | Militia |
| 25:22 | Crear | Militia |
| 26:11 | Construir | Archery Range |
| 26:14 | Crear | Militia |
| 26:14 | Crear | Militia |
| 26:15 | Crear | Villager (Male) |
| 26:16 | Crear | Villager (Male) |
| 26:17 | Crear | Villager (Male) |
| 26:20 | Construir | Town Center |
| 26:22 | Investigar | Horse Collar |
| 26:33 | Crear | Mangonel |
| 26:36 | Crear | Militia |
| 26:36 | Crear | Militia |
| 26:51 | Construir | Town Center |
| 26:52 | Crear | Villager (Male) |
| 27:50 | Crear | Mangonel |
| 27:52 | Crear | Militia |
| 27:53 | Crear | Militia |
| 27:54 | Crear | Skirmisher |
| 27:54 | Crear | Skirmisher |
| 28:03 | Construir | House |
| 28:04 | Crear | Skirmisher |
| 28:07 | Crear | Militia |
| 28:08 | Crear | Villager (Male) |
| 28:08 | Crear | Villager (Male) |
| 28:13 | Crear | Villager (Male) |
| 28:13 | Crear | Villager (Male) |
| 28:13 | Crear | Villager (Male) |
| 28:14 | Construir | Farm |
| 28:23 | Crear | Villager (Male) |
| 28:24 | Crear | Villager (Male) |
| 28:38 | Crear | Skirmisher |
| 28:43 | Construir | House |
| 28:46 | Construir | Farm |
| 28:51 | Construir | Farm |
| 28:56 | Crear | Villager (Male) |
Build order — dr morlandovich
Primeras 150 de 247 acciones detectadas
| 0:02 | Crear | Villager (Male) |
| 0:02 | Crear | Villager (Male) |
| 0:02 | Crear | Villager (Male) |
| 0:02 | Crear | Villager (Male) |
| 0:03 | Construir | House |
| 0:05 | Construir | House |
| 1:34 | Crear | Villager (Male) |
| 1:34 | Crear | Villager (Male) |
| 1:51 | Construir | Lumber Camp |
| 1:58 | Crear | Villager (Male) |
| 2:19 | Crear | Villager (Male) |
| 2:20 | Crear | Villager (Male) |
| 2:40 | Crear | Villager (Male) |
| 2:41 | Crear | Villager (Male) |
| 3:15 | Crear | Villager (Male) |
| 3:15 | Crear | Villager (Male) |
| 3:32 | Construir | House |
| 3:33 | Construir | House |
| 3:44 | Crear | Villager (Male) |
| 3:44 | Crear | Villager (Male) |
| 4:11 | Crear | Villager (Male) |
| 4:54 | Crear | Villager (Male) |
| 4:55 | Crear | Villager (Male) |
| 4:57 | Crear | Villager (Male) |
| 4:58 | Crear | Villager (Male) |
| 5:09 | Construir | Mill |
| 5:38 | Crear | Villager (Male) |
| 5:39 | Crear | Villager (Male) |
| 5:39 | Crear | Villager (Male) |
| 5:39 | Crear | Villager (Male) |
| 6:07 | Crear | Villager (Male) |
| 6:08 | Crear | Villager (Male) |
| 6:45 | Crear | Villager (Male) |
| 7:02 | Construir | Mill |
| 7:25 | Crear | Villager (Male) |
| 8:04 | Construir | Farm |
| 8:07 | Construir | Farm |
| 8:10 | Crear | Villager (Male) |
| 8:29 | Crear | Villager (Male) |
| 8:41 | Construir | Mining Camp |
| 8:47 | Crear | Villager (Male) |
| 9:07 | Investigar | Feudal Age |
| 9:14 | Construir | House |
| 9:25 | Crear | Villager (Male) |
| 9:25 | Crear | Villager (Male) |
| 9:31 | Construir | Farm |
| 10:46 | Construir | Farm |
| 10:50 | Construir | Farm |
| 10:57 | Construir | Farm |
| 11:05 | Construir | Farm |
| 11:17 | Edad | Edad Feudal |
| 11:19 | Construir | Blacksmith |
| 11:22 | Crear | Villager (Male) |
| 11:52 | Construir | Market |
| 11:59 | Crear | Villager (Male) |
| 12:41 | Investigar | Castle Age |
| 12:42 | Investigar | Castle Age |
| 12:56 | Investigar | Double-Bit Axe |
| 13:41 | Investigar | Horse Collar |
| 13:53 | Investigar | Gold Mining |
| 14:01 | Construir | Farm |
| 14:06 | Construir | Farm |
| 14:11 | Construir | Barracks |
| 14:49 | Crear | Villager (Male) |
| 14:51 | Construir | House |
| 15:21 | Edad | Edad de los Castillos |
| 15:24 | Investigar | Bow Saw |
| 15:25 | Investigar | Heavy Plow |
| 15:33 | Construir | Town Center |
| 15:42 | Crear | Villager (Male) |
| 15:56 | Construir | Archery Range |
| 16:03 | Investigar | Town Watch |
| 16:49 | Construir | Farm |
| 16:52 | Construir | Farm |
| 16:54 | Construir | Farm |
| 16:56 | Crear | Villager (Male) |
| 16:56 | Crear | Villager (Male) |
| 17:17 | Investigar | Crossbowman (upgrade) |
| 17:34 | Construir | Farm |
| 17:37 | Crear | Villager (Male) |
| 17:37 | Crear | Villager (Male) |
| 17:40 | Crear | Villager (Male) |
| 17:41 | Crear | Villager (Male) |
| 18:08 | Crear | Villager (Male) |
| 18:10 | Crear | Villager (Male) |
| 18:13 | Crear | Archer |
| 18:13 | Crear | Archer |
| 18:33 | Investigar | Loom |
| 18:41 | Crear | Villager (Male) ×3 |
| 18:50 | Construir | Town Center |
| 19:01 | Crear | Archer |
| 19:03 | Crear | Archer |
| 19:07 | Investigar | Fletching |
| 19:12 | Construir | House |
| 19:13 | Construir | House |
| 19:21 | Investigar | Wheelbarrow |
| 19:25 | Construir | Farm |
| 19:29 | Crear | Archer ×5 |
| 19:50 | Construir | Archery Range |
| 20:08 | Investigar | Stone Mining |
| 20:19 | Crear | Villager (Male) ×4 |
| 20:23 | Construir | Farm |
| 20:31 | Construir | Farm |
| 20:40 | Crear | Archer |
| 20:47 | Crear | Villager (Male) ×4 |
| 21:01 | Construir | House |
| 21:02 | Construir | House |
| 21:03 | Construir | House |
| 21:05 | Construir | House |
| 21:06 | Construir | House |
| 21:11 | Crear | Archer |
| 21:12 | Crear | Archer |
| 21:30 | Crear | Villager (Male) |
| 21:30 | Crear | Villager (Male) |
| 21:34 | Construir | Mining Camp |
| 21:51 | Construir | Gate |
| 21:57 | Construir | Gate |
| 22:10 | Crear | Archer |
| 22:10 | Crear | Archer |
| 22:10 | Crear | Archer |
| 22:33 | Construir | Stone Wall |
| 22:34 | Construir | Stone Wall |
| 22:41 | Investigar | Thumb Ring |
| 22:43 | Investigar | Bodkin Arrow |
| 23:43 | Construir | Farm |
| 23:43 | Construir | Farm |
| 23:43 | Construir | Farm |
| 23:43 | Construir | Farm |
| 23:44 | Construir | Farm |
| 23:44 | Construir | Farm |
| 23:47 | Construir | House |
| 23:49 | Crear | Villager (Male) ×5 |
| 23:59 | Crear | Archer ×5 |
| 24:03 | Construir | Siege Workshop |
| 24:05 | Construir | Archery Range |
| 24:14 | Crear | Villager (Male) ×4 |
| 25:05 | Crear | Mangonel |
| 25:22 | Crear | Archer ×5 |
| 25:37 | Crear | Villager (Male) |
| 26:36 | Crear | Villager (Male) ×5 |
| 26:39 | Construir | Siege Workshop |
| 26:42 | Crear | Villager (Male) ×5 |
| 26:55 | Construir | University |
| 27:22 | Crear | Villager (Male) ×5 |
| 27:28 | Construir | Mining Camp |
| 27:51 | Crear | Archer ×5 |
| 27:54 | Construir | House |
| 27:55 | Construir | House |
| 27:55 | Construir | House |
| 27:58 | Crear | Mangonel |
Build order — tedyoso
Primeras 150 de 313 acciones detectadas
| 0:01 | Crear | Villager (Male) |
| 0:01 | Crear | Villager (Male) |
| 0:01 | Crear | Villager (Male) |
| 0:02 | Crear | Villager (Male) |
| 0:02 | Construir | House |
| 0:04 | Construir | House |
| 1:25 | Crear | Villager (Male) |
| 1:50 | Construir | Lumber Camp |
| 2:05 | Crear | Villager (Male) |
| 2:06 | Crear | Villager (Male) |
| 2:29 | Crear | Villager (Male) |
| 2:29 | Crear | Villager (Male) |
| 2:51 | Crear | Villager (Male) |
| 2:52 | Crear | Villager (Male) |
| 2:52 | Crear | Villager (Male) |
| 3:34 | Crear | Villager (Male) |
| 3:35 | Crear | Villager (Male) |
| 3:35 | Crear | Villager (Male) |
| 3:55 | Construir | House |
| 4:22 | Construir | Mill |
| 4:30 | Crear | Villager (Male) |
| 4:37 | Construir | House |
| 4:39 | Crear | Villager (Male) |
| 4:48 | Crear | Villager (Male) |
| 5:12 | Construir | House |
| 5:34 | Crear | Villager (Male) |
| 6:01 | Crear | Villager (Male) |
| 6:28 | Crear | Villager (Male) |
| 6:59 | Crear | Villager (Male) |
| 7:27 | Crear | Villager (Male) |
| 7:55 | Investigar | Feudal Age |
| 8:00 | Construir | Mill |
| 9:38 | Crear | Villager (Male) |
| 9:38 | Crear | Villager (Male) |
| 10:07 | Edad | Edad Feudal |
| 10:10 | Construir | Market |
| 10:19 | Construir | Blacksmith |
| 10:58 | Investigar | Castle Age |
| 11:11 | Construir | Mining Camp |
| 11:36 | Investigar | Double-Bit Axe |
| 12:09 | Construir | Mining Camp |
| 12:58 | Investigar | Horse Collar |
| 13:01 | Crear | Villager (Male) |
| 13:38 | Edad | Edad de los Castillos |
| 13:46 | Investigar | Loom |
| 14:15 | Construir | House |
| 14:17 | Construir | House |
| 14:19 | Crear | Villager (Male) |
| 14:24 | Construir | Farm |
| 14:27 | Construir | Farm |
| 14:36 | Construir | Farm |
| 14:38 | Construir | Farm |
| 14:44 | Crear | Villager (Male) |
| 14:47 | Construir | Farm |
| 14:51 | Construir | Farm |
| 14:56 | Construir | House |
| 15:05 | Crear | Villager (Male) |
| 15:14 | Crear | Villager (Male) |
| 15:23 | Crear | Villager (Male) |
| 15:29 | Construir | House |
| 15:35 | Construir | Castle |
| 15:50 | Construir | Farm |
| 15:54 | Construir | Farm |
| 15:57 | Construir | Farm |
| 16:22 | Crear | Villager (Male) |
| 16:32 | Construir | Monastery |
| 16:35 | Crear | Villager (Male) |
| 16:44 | Construir | Farm |
| 17:05 | Crear | Villager (Male) |
| 17:15 | Construir | Outpost |
| 17:23 | Construir | Outpost |
| 17:24 | Crear | Villager (Male) |
| 17:26 | Crear | Monk |
| 17:43 | Crear | Villager (Male) |
| 17:47 | Construir | Farm |
| 17:50 | Construir | Farm |
| 17:54 | Construir | Farm |
| 17:56 | Crear | Villager (Male) |
| 18:25 | Construir | Farm |
| 18:27 | Crear | Villager (Male) |
| 18:45 | Construir | Outpost |
| 18:47 | Crear | Villager (Male) |
| 18:50 | Construir | Farm |
| 19:01 | Construir | Outpost |
| 19:26 | Investigar | Town Watch |
| 19:39 | Construir | Town Center |
| 19:54 | Crear | Villager (Male) |
| 19:58 | Crear | Villager (Male) |
| 20:13 | Crear | Monk |
| 20:35 | Construir | Outpost |
| 20:40 | Crear | Villager (Male) |
| 20:52 | Construir | Lumber Camp |
| 20:56 | Crear | Villager (Male) |
| 21:15 | Crear | Villager (Male) |
| 21:34 | Investigar | Wheelbarrow |
| 21:43 | Construir | Outpost |
| 21:50 | Construir | Outpost |
| 21:55 | Crear | Villager (Male) |
| 21:56 | Crear | Villager (Male) |
| 22:11 | Crear | Villager (Male) |
| 22:13 | Crear | Monk |
| 22:36 | Crear | Villager (Male) |
| 23:10 | Investigar | Imperial Age |
| 23:13 | Crear | Villager (Male) |
| 23:37 | Construir | Barracks |
| 23:40 | Crear | Villager (Male) |
| 24:03 | Crear | Villager (Male) |
| 24:04 | Crear | Villager (Male) |
| 24:42 | Construir | Archery Range |
| 24:46 | Investigar | Fletching |
| 24:48 | Crear | Villager (Male) |
| 24:48 | Crear | Villager (Male) |
| 25:07 | Crear | Spearman |
| 25:16 | Construir | Farm |
| 25:18 | Construir | Farm |
| 25:18 | Construir | Farm |
| 25:18 | Construir | Farm |
| 25:18 | Construir | Farm |
| 25:18 | Construir | Farm |
| 25:24 | Crear | Villager (Male) |
| 25:24 | Crear | Villager (Male) |
| 25:32 | Construir | Farm |
| 25:34 | Construir | Farm |
| 25:35 | Construir | Farm |
| 25:36 | Construir | Farm |
| 25:37 | Construir | Farm |
| 25:37 | Construir | Farm |
| 25:38 | Construir | Farm |
| 25:40 | Crear | Villager (Male) |
| 25:54 | Crear | Villager (Male) |
| 26:03 | Crear | Villager (Male) |
| 26:15 | Crear | Villager (Male) |
| 26:22 | Construir | Siege Workshop |
| 26:24 | Crear | Villager (Male) |
| 26:24 | Edad | Edad Imperial |
| 26:36 | Crear | Villager (Male) |
| 26:36 | Crear | Villager (Male) |
| 27:07 | Crear | Villager (Male) |
| 27:14 | Construir | University |
| 27:19 | Crear | Villager (Male) |
| 27:25 | Crear | Villager (Male) |
| 27:38 | Crear | Mangonel |
| 27:41 | Crear | Villager (Male) |
| 27:46 | Construir | House |
| 27:56 | Crear | Villager (Male) |
| 27:57 | Crear | Villager (Male) |
| 28:10 | Crear | Villager (Male) |
| 28:19 | Crear | Villager (Male) |
| 28:28 | Crear | Villager (Male) |
| 28:35 | Crear | Villager (Male) |
Build order — villasmilmoises003
Primeras 150 de 261 acciones detectadas
| 0:01 | Crear | Villager (Male) ×4 |
| 0:04 | Construir | House |
| 0:06 | Construir | House |
| 1:13 | Crear | Villager (Male) |
| 1:51 | Construir | Lumber Camp |
| 2:05 | Crear | Villager (Male) |
| 2:12 | Crear | Villager (Male) |
| 2:12 | Crear | Villager (Male) |
| 2:49 | Crear | Villager (Male) |
| 3:03 | Crear | Villager (Male) |
| 3:38 | Crear | Villager (Male) |
| 3:39 | Crear | Villager (Male) |
| 3:57 | Construir | House |
| 3:59 | Construir | House |
| 4:06 | Crear | Villager (Male) |
| 4:06 | Crear | Villager (Male) |
| 4:15 | Construir | Mill |
| 4:24 | Construir | Mill |
| 4:32 | Crear | Villager (Male) |
| 4:48 | Crear | Villager (Male) |
| 5:10 | Crear | Villager (Male) |
| 5:11 | Crear | Villager (Male) |
| 5:54 | Crear | Villager (Male) |
| 6:16 | Construir | Farm |
| 6:23 | Construir | Farm |
| 6:27 | Construir | Farm |
| 6:30 | Crear | Villager (Male) |
| 6:49 | Crear | Villager (Male) |
| 6:55 | Crear | Villager (Male) |
| 6:55 | Crear | Villager (Male) |
| 7:47 | Construir | Farm |
| 8:01 | Construir | Farm |
| 8:23 | Crear | Villager (Male) |
| 8:40 | Investigar | Feudal Age |
| 9:01 | Crear | Villager (Male) |
| 9:11 | Investigar | Double-Bit Axe |
| 9:28 | Crear | Villager (Male) |
| 9:33 | Investigar | Horse Collar |
| 10:07 | Crear | Villager (Male) |
| 10:58 | Edad | Edad Feudal |
| 11:01 | Construir | Market |
| 11:05 | Investigar | Wheelbarrow |
| 11:11 | Construir | House |
| 11:13 | Construir | House |
| 11:15 | Construir | House |
| 11:25 | Construir | Mining Camp |
| 11:29 | Crear | Villager (Male) |
| 11:36 | Construir | Blacksmith |
| 11:54 | Investigar | Loom |
| 12:03 | Investigar | Bow Saw |
| 12:33 | Crear | Villager (Male) |
| 12:48 | Crear | Villager (Male) |
| 12:58 | Investigar | Heavy Plow |
| 13:16 | Construir | Mining Camp |
| 13:20 | Crear | Villager (Male) |
| 13:22 | Crear | Villager (Male) |
| 13:23 | Crear | Villager (Male) |
| 13:24 | Crear | Villager (Male) |
| 14:28 | Construir | Farm |
| 14:38 | Investigar | Hand Cart |
| 14:55 | Construir | Farm |
| 15:14 | Construir | Mill |
| 16:00 | Investigar | Castle Age |
| 16:08 | Construir | Barracks |
| 16:44 | Investigar | Stone Mining |
| 16:59 | Investigar | Arson |
| 17:44 | Investigar | Gold Mining |
| 18:01 | Investigar | Loom |
| 18:40 | Edad | Edad de los Castillos |
| 18:43 | Construir | Town Center |
| 18:55 | Crear | Villager (Male) |
| 19:22 | Crear | Villager (Male) |
| 19:22 | Crear | Villager (Male) |
| 19:54 | Construir | Siege Workshop |
| 20:04 | Crear | Villager (Male) |
| 20:04 | Crear | Villager (Male) |
| 20:07 | Crear | Villager (Male) |
| 20:08 | Crear | Villager (Male) |
| 20:40 | Construir | Castle |
| 20:49 | Construir | Castle |
| 20:59 | Crear | Villager (Male) ×5 |
| 21:10 | Crear | Mangonel |
| 21:37 | Construir | Town Center |
| 22:00 | Construir | Lumber Camp |
| 22:03 | Crear | Villager (Male) |
| 22:05 | Crear | Villager (Male) ×5 |
| 22:09 | Construir | Farm |
| 22:09 | Construir | Farm |
| 22:09 | Construir | Farm |
| 22:09 | Construir | Farm |
| 22:18 | Construir | House |
| 22:30 | Construir | House |
| 22:32 | Construir | House |
| 22:34 | Construir | House |
| 22:35 | Construir | House |
| 22:36 | Construir | House |
| 22:39 | Crear | Villager (Male) ×5 |
| 22:46 | Construir | Farm |
| 22:50 | Construir | Farm |
| 22:58 | Construir | Farm |
| 23:03 | Construir | Farm |
| 23:07 | Crear | Villager (Male) ×5 |
| 23:07 | Crear | Villager (Male) |
| 23:08 | Crear | Villager (Male) |
| 23:14 | Construir | Farm |
| 23:31 | Crear | Villager (Male) ×2 |
| 23:38 | Construir | Farm |
| 23:41 | Construir | Farm |
| 23:48 | Construir | Farm |
| 23:52 | Construir | Farm |
| 23:56 | Construir | Farm |
| 23:59 | Construir | Farm |
| 24:01 | Construir | Farm |
| 24:04 | Construir | Farm |
| 24:09 | Construir | Farm |
| 24:12 | Crear | Villager (Male) ×4 |
| 24:12 | Crear | Villager (Male) ×4 |
| 24:18 | Construir | Farm |
| 24:25 | Construir | Farm |
| 24:28 | Construir | House |
| 24:32 | Construir | House |
| 24:35 | Construir | House |
| 24:36 | Construir | House |
| 24:39 | Crear | Villager (Male) ×4 |
| 24:56 | Crear | Villager (Male) |
| 25:09 | Crear | Villager (Male) ×4 |
| 25:19 | Construir | Farm |
| 25:20 | Construir | Farm |
| 25:22 | Construir | Farm |
| 25:29 | Construir | Stable |
| 25:31 | Construir | Stable |
| 26:00 | Crear | Villager (Male) ×5 |
| 26:13 | Crear | Mangonel |
| 26:19 | Investigar | Forging |
| 26:19 | Investigar | Scale Barding Armor |
| 26:26 | Crear | Villager (Male) ×4 |
| 26:38 | Construir | Mill |
| 26:39 | Construir | Farm |
| 26:39 | Construir | Farm |
| 26:40 | Construir | Farm |
| 26:40 | Construir | Farm |
| 26:40 | Construir | Farm |
| 26:41 | Construir | Farm |
| 26:42 | Construir | Farm |
| 26:49 | Investigar | Two-Man Saw |
| 26:59 | Construir | Stable |
| 27:00 | Investigar | Cavalier (upgrade) |
| 27:03 | Investigar | Husbandry |
| 27:27 | Construir | Castle |
| 27:32 | Construir | Mining Camp |
Cronología de la partida
| 10:07 | tedyoso · age_up feudal |
| 10:58 | villasmilmoises003 · age_up feudal |
| 11:17 | dr morlandovich · age_up feudal |
| 11:48 | Canek · age_up feudal |
| 13:38 | tedyoso · age_up castle |
| 13:47 | dr morlandovich · first_market_sell 100 wood |
| 14:11 | dr morlandovich · first_building Barracks |
| 15:21 | dr morlandovich · age_up castle |
| 15:35 | tedyoso · first_building Castle |
| 15:53 | Canek · first_building Barracks |
| 15:56 | dr morlandovich · first_building Archery Range |
| 16:08 | villasmilmoises003 · first_building Barracks |
| 16:32 | tedyoso · first_building Monastery |
| 16:44 | Canek · age_up castle |
| 18:26 | dr morlandovich · first_market_buy 100 wood |
| 18:30 | Canek · first_building Siege Workshop |
| 18:40 | villasmilmoises003 · age_up castle |
| 19:32 | Canek · first_market_buy 100 food |
| 19:54 | villasmilmoises003 · first_building Siege Workshop |
| 20:40 | villasmilmoises003 · first_building Castle |
| 21:40 | Canek · first_building Monastery |
| 22:33 | dr morlandovich · wall_segment Stone Wall x1 |
| 22:34 | dr morlandovich · wall_segment Stone Wall x1 |
| 22:40 | tedyoso · first_market_sell 100 wood |
| 22:45 | tedyoso · first_market_buy 100 food |
| 23:37 | tedyoso · first_building Barracks |
| 24:03 | dr morlandovich · first_building Siege Workshop |
| 24:42 | tedyoso · first_building Archery Range |
| 25:29 | villasmilmoises003 · first_building Stable |
| 26:11 | Canek · first_building Archery Range |
| 26:22 | tedyoso · first_building Siege Workshop |
| 26:24 | tedyoso · age_up imperial |
| 28:01 | dr morlandovich · wall_segment Stone Wall x1 |
| 28:11 | villasmilmoises003 · first_market_sell 100 wood |
| 28:22 | dr morlandovich · first_building Monastery |
| 30:17 | villasmilmoises003 · first_building Archery Range |
| 30:58 | dr morlandovich · first_building Castle |
| 32:51 | dr morlandovich · age_up imperial |
| 34:51 | villasmilmoises003 · age_up imperial |
| 36:58 | Canek · first_building Castle |
| 37:40 | tedyoso · first_building Stable |
| 38:43 | Canek · resign |
[ ANÁLISIS IA · 1 CRÉDITO ]
¿Qué pasó realmente en esta partida?
Wolo.gg analiza cada decisión: build order, eco, micro, errores típicos por bracket. Análisis personalizado por WhatsApp o Discord en 30 segundos.
Guía civ
Búlgaros
Guía mapa
Arena
Perfil
Canek